 Dungeon Crawl Stone Soup version 0.28-a0-998-gb9e9c7b67e (webtiles) character file.

Game seed: 5099373540752018550

71 DrunkBamboolord the Covered (level 4, 0/35 HPs)
             Began as a Human Fighter on Dec 6, 2021.
             Slain by a gnoll (3 damage)
             ... on level 1 of the Dungeon.
             The game lasted 00:02:09 (1688 turns).

DrunkBamboolord the Covered (Human Fighter)         Turns: 1688, Time: 00:02:09

Health: 0/35       AC:  6    Str: 18    XL:     4   Next: 47%
Magic:  4/4        EV:  9    Int:  8    God:
Gold:   96         SH:  5    Dex: 13    Spells: 3/3 levels left

rFire   . . .      SeeInvis .   a - +0 long sword
rCold   . . .      Faith    .   c - +0 buckler
rNeg    . . .      Spirit   .   b - +0 scale mail
rPois   .          Reflect  .   (no helmet)
rElec   .          Harm     .   (no cloak)
rCorr   .          Rampage  .   (no gloves)
Will    .....                   (no boots)
Stlth   ..........              (no amulet)
HPRegen 0.11/turn               (no ring)
MPRegen 0.09/turn               (no ring)

@: no status effects
A: no striking features
a: no special abilities


You were on level 1 of the Dungeon.
You visited 1 branch of the dungeon, and saw 2 of its levels.

You collected 96 gold pieces.

Inventory:

Hand Weapons
 a - a +0 long sword (weapon)
Armour
 b - a +0 scale mail (worn)
 c - a +0 buckler (worn)
Potions
 d - a potion of might
 f - a potion of brilliance {unknown}


   Skills:
 * Level 3.4 Fighting
 * Level 3.1 Long Blades
 * Level 3.5 Armour
 * Level 3.3 Shields


You had 3 spell levels left.
You didn't know any spells.
Your spell library was empty.

Dungeon Overview and Level Annotations

Branches:
Dungeon (2/15)

Altars:

Annotations:
D:2 1 runed translucent door, Crazy Yiuf


Message History

There is a stone staircase leading down here.
You slash the gnoll!
The gnoll is severely wounded.
The gnoll hits you with a +2 flail of protection!
You hit the gnoll.
The gnoll is severely wounded.
The gnoll hits you with a +2 flail of protection.
You block the gnoll's attack.
You hit the gnoll.
The gnoll is almost dead.
The gnoll barely misses you.
You hit the gnoll.
You kill the gnoll!
You see here a +2 flail of protection.
There is a stone staircase leading down, spattered with blood here.
You start resting.
HP restored.
You climb downwards.
Level annotation: 1 runed translucent door, Crazy Yiuf You block the gnoll's attack.
There is a stone staircase leading up here.
The gnoll barely misses you.
The gnoll hits you from afar with a +0 halberd!
You climb upwards.
There is a stone staircase leading down, spattered with blood here.
You barely miss the gnoll. The gnoll hits you but does no damage.
The gnoll hits you with a +0 flail.
You closely miss the gnoll. You block the gnoll's attack.
Your scale mail prevents you from hitting the gnoll.
You block the gnoll's attack.
You barely miss the gnoll. The gnoll hits you with a +0 flail.
You barely miss the gnoll. The gnoll barely misses you.
The gnoll closely misses you.
You closely miss the gnoll. The gnoll closely misses you.
You barely miss the gnoll. The gnoll hits you with a +0 flail!
* * * LOW HITPOINT WARNING * * *
You slash the gnoll!
The gnoll is almost dead.
The gnoll hits you with a +0 flail.
You die...

#######.#
##.....###############
........# #.###.#
...#########.###.#
.................#
#########........#
############.....#
.......### ##....#
(........## ##...#
.##'##....## #..@#
###.####...# #.)g#
.......##..####..#
.#####..#...#
#..#############
##...##.##..#
#..............#
##.<.##.##..#
#.############.#
##...##.##..# #.#
#########.#
.##'##..#...# #.#
#......##.#
.......##..####.#
#.####.##.#


You could see a gnoll.

Vanquished Creatures
  A gnoll (D:1)
  A worm (D:2)
  A dart slug (D:1)
  5 bats
  6 endoplasms
  A giant cockroach (D:1)
  4 hobgoblins
  6 jackals (D:1)
  7 quokkas
  4 ball pythons
  2 frilled lizards
  3 goblins (D:1)
  3 kobolds
  6 rats
50 creatures vanquished.

Vanquished Creatures (others)
  A plant (D:1)
  3 withered plants (D:1)
4 creatures vanquished.

Grand Total: 54 creatures vanquished

Notes
Turn   | Place    | Note
-------+----------+-------------------------------------------
     0 | D:1      | DrunkBamboolord the Human Fighter began the quest for the
                  | Orb.
     0 | D:1      | Reached XP level 1. HP: 18/18 MP: 1/1
   114 | D:1      | Reached XP level 2. HP: 24/24 MP: 2/2
   598 | D:1      | Found a faded altar of an unknown god.
   690 | D:1      | Reached XP level 3. HP: 29/29 MP: 3/3
  1280 | D:2      | Found a runed translucent door.
  1281 | D:2      | Noticed Crazy Yiuf
  1301 | D:2      | Reached XP level 4. HP: 35/35 MP: 4/4
  1688 | D:1      | Slain by a gnoll

Illustrated notes

Levels and vault maps discovered:
D:1:      dpeg_arrival_concentric_ovals, layout_basic,
          shapermc_ecumenical_altar_flowoftime
D:2:      layout_rooms, basic_altar, nicolae_figureground_sparkle,
          uniq_crazy_yiuf_cottage

Skill      XL: |  1  2  3  4 |
---------------+-------------+-----
Long Blades    | 3 |  3.1
Fighting       | |  3.4
Armour         | |  3.5
Shields        | |  3.3

Action                   |  1- 3 |  4- 6 || total
-------------------------+-------+-------++-------
Melee: Long sword        |    99 |    39 ||   138
  Use: Scroll            |       |     1 ||     1
Armor: Scale mail        |    57 |    13 ||    70
Dodge: Dodged            |    61 |    26 ||    87
Block: Buckler           |    25 |    11 ||    36

Table legend: (Time is in decaauts)
 A = Elapsed time spent in this place.
 B = Non-inter-level travel time spent in this place.
 C = Inter-level travel time spent in this place.
 D = Time resting spent in this place.
 E = Time spent auto-exploring this place.
 F = Levels seen in this place.
 G = Mean time per level.
                   A        B        C        D        E       F      G
               +--------+--------+--------+--------+--------+-----+--------+
         Total |   1729 |   1652 |     77 |    193 |   1103 |   2 |  864.5 |
       Dungeon |   1729 |   1652 |     77 |    193 |   1103 |   2 |  864.5 |
               +--------+--------+--------+--------+--------+-----+--------+

Top non-repeatable levels by time:
     D:1: 1148 daAuts
     D:2: 581 daAuts
